 Dungeon Crawl Stone Soup version 0.21-a0-584-g185da8e (webtiles) character file.

5 vishdafish the Charmwright (level 1, -2/16 HPs)
             Began as a Demonspawn Skald on Dec 21, 2017.
             Slain by a gnoll
             ... wielding a +0 whip
              (3 damage)
             ... on level 1 of the Dungeon.
             The game lasted 00:00:18 (115 turns).

vishdafish the Charmwright (Demonspawn Skald)        Turns: 115, Time: 00:00:19

Health: -2/16      AC:  3    Str: 11    XL:     1   Next: 66%
Magic:  0/3        EV: 12    Int: 14    God:
Gold:   17         SH:  0    Dex: 12    Spells: 3/4 levels left

rFire    . . .     SeeInvis .   a - +0 spear
rCold    . . .     Gourm    .   (no shield)
rNeg     . . .     Faith    .   b - +0 leather armour
rPois    .         Spirit   .   (no helmet)
rElec    .         Reflect  .   (no cloak)
rCorr    .         Harm     .   (no gloves)
MR       .....                  (no boots)
Stlth    +.........             (no amulet)
HPRegen  0.05/turn              (no ring)
MPRegen  0.08/turn              (no ring)

@: infused
A: no striking features
a: no special abilities


You were on level 1 of the Dungeon.
You were not hungry.

You visited 1 branch of the dungeon, and saw 1 of its levels.

You collected 17 gold pieces.

Inventory:

Hand Weapons
 a - a +0 spear (weapon)
Armour
 b - a +0 leather armour (worn)
Scrolls
 g - a scroll of enchant weapon {unknown}
Potions
 e - a potion of agility {unknown}
 f - 2 potions of curing {unknown}
Books
 c - a book of Battle

   Spells                             Type                      Level
   a - Infusion                       Charms                       1
   b - Shroud of Golubria             Charms/Translocation         2
   c - Song of Slaying                Charms                       2
   d - Spectral Weapon                Hexes/Charms                 3
   e - Regeneration                   Charms/Necromancy            3
Comestibles
 d - 2 rations


   Skills:
 - Level 2.0 Fighting
 * Level 2.0 Polearms
 + Level 1.0 Armour
 + Level 1.9 Dodging
 - Level 2.0 Spellcasting
 + Level 2.7 Charms


You had 3 spell levels left.
You knew the following spells:

 Your Spells              Type           Power        Failure   Level  Hunger
a - Infusion              Chrm           #...         10%         1    ##.....


Dungeon Overview and Level Annotations

Branches:
Dungeon (1/15)

Altars:


Message History

The goblin barely misses you.
You barely miss the goblin. The goblin barely misses you.
You barely miss the goblin. The goblin barely misses you.
You hit the goblin.
You kill the goblin!
Your Polearms skill increases to level 2!
You hit the gnoll.
The gnoll is heavily wounded.
The gnoll closely misses you.
You hit the gnoll.
The gnoll is severely wounded.
The gnoll hits you but does no damage.
You barely miss the gnoll.
The gnoll is severely wounded.
The gnoll hits you with a whip.
* * * LOW HITPOINT WARNING * * *
You barely miss the gnoll.
The gnoll is severely wounded.
The gnoll hits you with a whip.
You die...

...........#.........#######
##...)....##........#
$.....$................#
............##........#
............#........##
#...........##.#####..##
###.8....####.....## ##..##
≈≈≈............##..#####..##
§§≈≈§.........)g@......##..#
>≈≈≈§<8..8..#######........#
≈≈≈≈§......## #.....##.#
≈≈≈.......## #.....####
###.8.....###### #...).#
#.....................#
###....#######.##.....#
#....# #...... .........
#....##


You could see a gnoll.

Vanquished Creatures
  2 goblins (D:1)
  A kobold (D:1)
  A frilled lizard (D:1)
  A rat (D:1)
5 creatures vanquished.

Notes
Turn   | Place    | Note
-------+----------+-------------------------------------------
     0 | D:1      | vishdafish the Demonspawn Skald began the quest for the Orb.
     0 | D:1      | Reached XP level 1. HP: 16/16 MP: 3/3
    43 | D:1      | Reached skill level 1 in Armour
   115 | D:1      | Slain by a gnoll

Vault maps used:
D:1:      grunt_arrival_lava_bath, hangedman_glass_teeth,
          nemelex_xobeh_ov_fountains_minmay

Skill      XL: |  1 |
---------------+----+-----
Armour         | 1 |  1.0
Polearms       | 2 |  2.0
Fighting       | |  2.0
Dodging        | |  1.9
Spellcasting   | |  2.0
Charms         | |  2.7

Action                   || total
-------------------------++-------
Melee: Spear             ||    26
 Cast: Infusion          ||     1
Armor: Leather armour    ||     6
Dodge: Dodged            ||    13

Table legend:
 A = Spawn XP
 B = Non-spawn XP
 C = Spawn XP percentage of total XP
 D = Spawn monster count
 E = Non-spawn monster count
 F = Spawn count percentage of total count
 G = Total turns spent on level
                    A         B        C        D         E        F      G
               +---------+---------+-------+---------+---------+-------+---------
         Total |       0 |       8 |   0.0 |       0 |       5 |   0.0 |   115
               +---------+---------+-------+---------+---------+-------+---------
           D:1 |       0 |       8 |   0.0 |       0 |       5 |   0.0 |   115
               +---------+---------+-------+---------+---------+-------+---------
